 Dungeon Crawl Stone Soup version 0.26.1-11-gd32895ea62 (webtiles) character file.

Game seed: 10712988283258430328

6072 pablopetrus the Fighter (level 11, 0/86 HPs)
             Began as a Human Berserker on June 7, 2021.
             Was a High Priest of Trog.
             Slain by a troll (15 damage)
             ... on level 9 of the Dungeon.
             The game lasted 00:33:19 (8804 turns).

pablopetrus the Fighter (Human Berserker)           Turns: 8804, Time: 00:33:20

Health: 0/86       AC: 11    Str: 20    XL:     11   Next: 11%
Magic:  11/11      EV: 15    Int: 15    God:    Trog [*****.]
Gold:   239        SH:  0    Dex: 12    Spells: 10/10 levels left

rFire    . . .     SeeInvis .   a - +2 glaive (flame)
rCold    . . .     Faith    .   (shield currently unavailable)
rNeg     + . .     Spirit   .   r - +4 ring mail of Recklessness {rN+ Will+}
rPois    .         Reflect  .   u - +1 hat
rElec    .         Harm     +   i - scarf {harm}
rCorr    .         Rampage  .   (no gloves)
Will     ++...                  (no boots)
Stlth    +.........             (no amulet)
HPRegen  0.24/turn              e - ring of willpower
MPRegen  0.12/turn              p - +6 ring of intelligence

@: berserk cooldown, slowed, very slow
A: no striking features
a: Renounce Religion, Berserk, Trog's Hand, Brothers in Arms


You were on level 9 of the Dungeon.
You worshipped Trog.
Trog was extremely pleased with you.
You visited 1 branch of the dungeon, and saw 9 of its levels.

You collected 384 gold pieces.
You spent 145 gold pieces at shops.

Inventory:

Hand Weapons
 a - a +2 glaive of flaming (weapon)
 h - a +2 trident of protection
 q - a +4 battleaxe of freezing
Armour
 d - a +2 chain mail
 i - a scarf of harm (worn)
 j - a +0 cloak
 r - the +4 ring mail of Recklessness (worn) {rN+ Will+}
   (You found it on level 5 of the Dungeon)

   It protects you from negative energy.
   It affects your willpower, your defense against some magical effects.
 u - a +1 hat (worn)
 G - a +1 helmet
Jewellery
 e - a ring of willpower (left hand)
 p - a +6 ring of intelligence (right hand)
 B - an uncursed amulet of magic regeneration
Wands
 m - a wand of acid (10)
 o - a wand of iceblast (39)
 x - a wand of polymorph (6)
 y - a wand of paralysis (6)
 C - a wand of flame (23)
Scrolls
 c - 3 scrolls of blinking
 f - 3 scrolls of remove curse
 n - a scroll of vulnerability {unknown}
 s - a scroll of magic mapping {unknown}
 t - 3 scrolls of teleportation
 v - a scroll of noise {unknown}
 D - 2 scrolls of fog {unknown}
 E - a scroll of enchant weapon {unknown}
 F - a scroll of immolation {unknown}
Potions
 b - a potion of attraction
 g - a potion of curing
 k - 4 potions of degeneration
 l - a potion of cancellation
 w - a potion of ambrosia {unknown}
 z - 2 potions of haste
 A - a potion of resistance {unknown}


   Skills:
 + Level 8.3 Fighting
 - Level 4.9(6.4) Axes
 + Level 6.4(7.2) Polearms
 + Level 7.8 Armour
 + Level 7.8 Dodging
 + Level 5.0 Evocations


You had 10 spell levels left.
You didn't know any spells.
Your spell library was empty.

Dungeon Overview and Level Annotations

Branches:
Dungeon (9/15)             Temple (0/1) D:4
   Lair: D:8-11         Orc: D:9-12

Altars:
Ashenzari
Dithmenos
Fedhas
Hepliaklqana
Kikubaaqudgha
Makhleb
Nemelex Xobeh
Okawaru
Qazlal
Vehumet
Xom

Shops:
D:4 :*[


Message History

The troll bites you.
* * * LOW HITPOINT WARNING * * *
The troll misses you. The troll claws you but does no damage.
You barely miss the troll. The yak gores you but does no damage.
The troll barely misses you. The troll closely misses you.
The troll claws you but does no damage.
You barely miss the troll. The yak gores you but does no damage.
You closely miss the troll. The troll completely misses you.
The troll closely misses you. The troll misses you. The yak closely misses you.
You barely miss the troll.
You are no longer berserk.
You are exhausted.
You feel yourself slow down. The troll bites you!
* * * LOW HITPOINT WARNING * * *
The troll misses you. The troll closely misses you.
The yak gores you but does no damage.
You feel better. The troll bites you but does no damage.
The troll barely misses you. The troll misses you. The yak barely misses you.
The troll bites you!
You die...

#..†...≈≈≈≈≈≈≈≈≈
#.†#....≈≈≈≈≈≈≈≈
#..##....≈≈≈..≈≈
#..##...........
#...............
##..###<........
##.....Y.#..##
##'''YT##
#..#}#@)#
#..###.)# ####
####


You could see 2 yaks and a troll.

Vanquished Creatures
  A two-headed ogre (D:8)
  Maggie (D:7)
  7 yaks (D:9)
  Duvessa (D:5)
  An orc warrior (D:9)
  2 sky beasts
  3 ice beasts
  4 phantoms
  2 black bears
  2 ogres
  A centaur (D:7)
  3 wolves (D:9)
  A big kobold (D:5)
  6 bullfrogs
  A wyvern zombie (D:8)
  Dowan (D:5)
  A gnoll sergeant (D:8)
  A scorpion (D:5)
  A vampire bat (D:6)
  3 wights (D:9)
  5 howler monkeys
  2 centaur zombies (D:9)
  A bullfrog zombie (D:5)
  2 bullfrog skeletons
  4 orc priests
  4 hounds
  A jelly (D:9)
  8 orc wizards
  Ijyb (D:3)
  3 iguanas
  10 worker ants
  A centaur simulacrum (D:9)
  2 hound skeletons
  2 worker ant zombies
  12 gnolls
  A howler monkey skeleton (D:5)
  7 adders
  A shadow imp (D:9)
  3 white imps
  An ooze (D:3)
  An adder zombie (D:6)
  2 adder skeletons (D:9)
  4 worms
  2 dart slugs (D:3)
  3 leopard geckos
  20 orcs
  2 bat skeletons (D:6)
  4 bat zombies (D:6)
  7 giant cockroaches
  7 hobgoblins
  7 jackals
  3 quokkas
  3 ball pythons
  7 bats
  5 frilled lizards
  2 goblins
  2 jackal skeletons
  6 kobolds
  4 rats
205 creatures vanquished.

Notes
Turn   | Place    | Note
-------+----------+-------------------------------------------
     0 | D:1      | pablopetrus the Human Berserker began the quest for the
                  | Orb.
     0 | D:1      | Reached XP level 1. HP: 18/18 MP: 1/1
   268 | D:1      | Reached XP level 2. HP: 16/24 MP: 2/2
   782 | D:2      | Reached XP level 3. HP: 20/29 MP: 3/3
   789 | D:2      | Found a broken altar of Ashenzari.
  1205 | D:2      | Found a blossoming altar of Fedhas.
  1451 | D:2      | Reached ** piety under Trog
  1671 | D:3      | Reached XP level 4. HP: 29/35 MP: 4/4
  1818 | D:3      | Found an iron altar of Okawaru.
  1865 | D:3      | Noticed Ijyb
  1880 | D:3      | Killed Ijyb
  1970 | D:3      | Reached XP level 5. HP: 42/42 MP: 5/5
  2465 | D:3      | Found a radiant altar of Vehumet.
  2536 | D:4      | Found Wiazxoirgh's Book Boutique.
  2557 | D:4      | Found a shimmering altar of Xom.
  2573 | D:4      | Reached skill level 4 in Fighting
  2573 | D:4      | Found Attu Tiaz's Assorted Antiques.
  2594 | D:4      | Reached XP level 6. HP: 48/48 MP: 6/6
  3195 | D:4      | Found a staircase to the Ecumenical Temple.
  3221 | D:4      | Found Hyhy's Antique Armour Shoppe.
  3271 | D:4      | Bought a granite ring for 145 gold pieces
  3636 | D:5      | Entered Level 5 of the Dungeon
  3675 | D:5      | Noticed a phantom
  3711 | D:5      | Killed a phantom
  3711 | D:5      | Reached *** piety under Trog
  3712 | D:5      | Reached XP level 7. HP: 23/55 MP: 7/7
  3715 | D:5      | Got a distressingly furry ring mail
  3726 | D:5      | Identified the +4 ring mail of Recklessness {rN+ Will+}
                  | (You found it on level 5 of the Dungeon)
  4596 | D:5      | Noticed Duvessa
  4596 | D:5      | Noticed Dowan
  4604 | D:5      | Killed Duvessa
  4605 | D:5      | Reached skill level 5 in Fighting
  4610 | D:5      | Killed Dowan
  4611 | D:5      | Reached skill level 1 in Polearms
  4611 | D:5      | Reached XP level 8. HP: 57/62 MP: 8/8
  4757 | D:5      | Reached skill level 5 in Armour
  4816 | D:5      | Reached skill level 5 in Dodging
  5187 | D:6      | Found a shadowy altar of Dithmenos.
  5610 | D:6      | Reached **** piety under Trog
  5671 | D:6      | Found a stormy altar of Qazlal.
  5760 | D:6      | Found a sparkling altar of Nemelex Xobeh.
  5872 | D:6      | Reached skill level 6 in Fighting
  5872 | D:6      | Reached XP level 9. HP: 69/69 MP: 9/9
  6071 | D:6      | Found an ancient bone altar of Kikubaaqudgha.
  6252 | D:7      | Reached skill level 1 in Evocations
  6403 | D:7      | Found a sand-covered staircase.
  6498 | D:7      | Noticed Maggie
  6520 | D:7      | Killed Maggie
  6529 | D:7      | Got a colourful robe
  6540 | D:7      | Identified the cursed +1 robe "Fiwkyesm" {Rampage rCorr
                  | Str-4 Int+2} (You found it on level 7 of the Dungeon)
  7313 | D:8      | Found a radiant altar of Vehumet.
  7422 | D:8      | Reached skill level 7 in Fighting
  7425 | D:8      | Reached XP level 10. HP: 74/79 MP: 10/10
  7506 | D:8      | Reached ***** piety under Trog
  7524 | D:8      | Reached skill level 5 in Polearms
  7675 | D:8      | Found a hazy altar of Hepliaklqana.
  7980 | D:8      | Found a burning altar of Makhleb.
  8109 | D:9      | Noticed a two-headed ogre
  8119 | D:8      | Killed a two-headed ogre
  8459 | D:9      | Received a gift from Trog
  8610 | D:9      | Reached skill level 8 in Fighting
  8631 | D:9      | Reached XP level 11. HP: 50/86 MP: 11/11
  8798 | D:9      | Reached skill level 5 in Evocations
  8804 | D:9      | Slain by a troll

Illustrated notes

Levels and vault maps discovered:
D:1:      onia_arrival_mini_spirals, layout_loops_cross
D:2:      layout_basic, evilmike_ruin_ashenzari, marbit_many_paths
D:3:      layout_basic, overflow_temple_1_default, general_overflow_altar,
          uniq_ijyb
D:4:      layout_cave_pods, xom_butterflies, minmay_temple_entry_sparse_star,
          serial_shops, shop, kennysheep_little_box,
          nicolae_shop_overgrown_old_shop
D:5:      layout_loops_cross, serial_co_window_serial, co_window_cross_1,
          co_window_corner_a, co_window_corner_a, co_window_paths_a,
          co_window_paths_b, co_window_corner_b, co_window_corner_cb,
          co_window_broadway_b, co_window_of_opportunity_b, glass_columns_a,
          glass_columns_b, glass_columns_c, glass_columns_a, glass_columns_a,
          chequers_serial_rivers_large_b, minmay_strange_pillars, uniq_duvessa
D:6:      layout_rooms, kennysheep_vampire_church, old_standard_altar,
          nicolae_overflow_hidden_temple, grunt_dithmenos_smoke
D:7:      layout_loops_ring, nicolae_ossuary_entry_monument,
          minmay_misc_feat_five, uniq_maggie
D:8:      layout_loops_cross, lightli_temple_of_fire,
          nzn_hepliaklqana_mist_gate, vehumet_altar_wand_db
D:9:      layout_loops_ring, erik_lair_island, nrook_mini_backslash,
          hangedman_weighted_door

Skill      XL: |  1  2  3  4  5  6  7  8  9 10 11 |
---------------+----------------------------------+-----
Armour         | 3 4 5 6 7 |  7.8
Dodging        | 3 4 5 6 7 |  7.8
Axes           | 4 |  4.9
Fighting       | 4 5 6 7 8 |  8.3
Polearms       | 1 3 4 6 |  6.4
Evocations     | 2 4 5 |  5.0

Action                   |  1- 3 |  4- 6 |  7- 9 | 10-12 || total
-------------------------+-------+-------+-------+-------++-------
Melee: Hand axe          |    94 |    29 |       |       ||   123
       Club              |       |   137 |    96 |       ||   233
       Trident           |       |       |   306 |   121 ||   427
       Glaive            |       |       |       |    90 ||    90
Invok: Berserk           |     4 |     6 |     9 |     6 ||    25
  Use: Scroll            |     9 |       |     5 |     4 ||    18
       Potion            |       |       |     4 |     1 ||     5
 Stab: Distracted        |       |     1 |       |       ||     1
Armor: Chain mail        |    52 |   129 |       |       ||   181
       Ring mail         |       |       |   180 |   110 ||   290
       Skin              |       |       |    24 |       ||    24
Dodge: Dodged            |    28 |    73 |   261 |   244 ||   606
